 Dungeon Crawl Stone Soup version 0.20.1-1-g8b1a95d (webtiles) character file.

115 dohliylev the Sneak (level 4, 0/30 HPs)
             Began as a Vampire Enchanter on Dec 17, 2017.
             Killed from afar by Ijyb (18 damage)
             ... with a wand of acid (?/15)
             ... on level 3 of the Dungeon.
             The game lasted 00:06:46 (2119 turns).

dohliylev the Sneak (Vampire Enchanter)             Turns: 2119, Time: 00:06:53

Health: 0/30       AC:  2    Str:  7    XL:     4   Next: 68%
Magic:  5/16       EV: 12    Int: 18    God:
Gold:   197        SH:  0    Dex: 14    Spells: 1/7 levels left

rFire    . . .     SeeInvis +   a - +1 dagger
rCold    + . .     Gourm    .   (no shield)
rNeg     + + .     Faith    .   b - +0 robe
rPois    +         Spirit   .   (no helmet)
rElec    .         Reflect  .   (no cloak)
rCorr    .         Harm     .   (no gloves)
MR       .....                  (no boots)
Stlth    ++++......             p - amulet of magic regeneration
Regen    0.1/turn               e - ring of wizardry
MPRegen  0.3/turn               j - ring of magical power

@: regenerating slowly
A: fangs 3, see invisible, unbreathing
a: Bat Form


You were on level 3 of the Dungeon.
You were very thirsty.

You visited 1 branch of the dungeon, and saw 3 of its levels.

You collected 197 gold pieces.

Inventory:

Hand Weapons
 a - a +1 dagger (weapon)
Armour
 b - a +0 robe (worn)
Jewellery
 e - a ring of wizardry (left hand)
 j - a ring of magical power (right hand)
 p - an amulet of magic regeneration (around neck)
Scrolls
 f - 2 scrolls of remove curse {unknown}
 i - 2 scrolls of enchant armour {unknown}
 l - 3 scrolls of identify {unknown}
 m - a scroll of enchant weapon {unknown}
Potions
 d - 19 potions of blood
 g - 3 potions of lignification {unknown}
 h - a potion of flight {unknown}
 k - 2 potions of curing {unknown}
 n - 2 potions of heal wounds {unknown}
 o - 2 potions of mutation {unknown}
Books
 c - a book of Maledictions

   Spells                             Type                      Level
   a - Corona                         Hexes                        1
   b - Ensorcelled Hibernation        Hexes/Ice                    2
   c - Confuse                        Hexes                        3
   d - Tukima's Dance                 Hexes                        3
   e - Dazzling Spray                 Conjuration/Hexes            3


   Skills:
 - Level 1.1 Short Blades
 - Level 2.1 Dodging
 + Level 7.1 Stealth
 - Level 2.0 Spellcasting
 - Level 6.0 Hexes


You had one spell level left.
You knew the following spells:

 Your Spells              Type           Power        Failure   Level  Hunger
a - Corona                Hex            ###....      1%          1    #......
b - Ensorcelled Hibernat  Hex/Ice        ##....       3%          2    ###....
c - Confuse               Hex            ###.....     1%          3    ###....


Dungeon Overview and Level Annotations

Branches:
Dungeon (3/15)

Altars:

Annotations:
D:3 Ijyb


Innate Abilities, Weirdness & Mutations

You heal slowly.
You have razor-sharp teeth.
You have supernaturally acute eyesight. (SInv)
You can survive without breathing.


Message History

Casting: Ensorcelled Hibernation
Confirm with . or Enter, or press ? or * to list all spells.
Aiming: Ensorcelled Hibernation
Press: ? - help, Shift-Dir - straight line, f/p - Ijyb
Aim: Ijyb, wearing a ring mail and carrying a wand of acid (?/15) {zapped: 2} (chance to defeat MR: 51%) Ijyb resists with some effort.
The ball python hisses angrily.
Casting: Ensorcelled Hibernation
Confirm with . or Enter, or press ? or * to list all spells.
Aiming: Ensorcelled Hibernation
Press: ? - help, Shift-Dir - straight line, f/p - Ijyb
Aim: Ijyb, wearing a ring mail and carrying a wand of acid (?/15) {zapped: 2} (chance to defeat MR: 51%) Ijyb looks drowsy...
The helpless Ijyb fails to defend herself.
You bite Ijyb, and draw her blood!
You feel better.
You feel slightly less thirsty.
You impale Ijyb!!
Ijyb is almost dead.
Ijyb zaps a wand.
The bolt of acid hits you!
Ouch! That really hurt!
You die...

#### ##... . #..# ..
#.# >#. #)#
....#######.#
......S..@..#
........g####
........#####
.......o....######..
........###.........
.......o...........##
..........######.%...
..#......o..........
....................


You could see Ijyb, an orc (wandering) and a ball python.

Vanquished Creatures
  An orc wizard (D:3)
  3 adders (D:2)
  2 oozes
  A worm (D:2)
  2 dart slugs
  6 bats
  4 giant cockroaches
  3 goblins
  6 hobgoblins
  6 jackals
  3 frilled lizards
  2 kobolds (D:2)
  7 rats
46 creatures vanquished.

Notes
Turn   | Place    | Note
-------+----------+-------------------------------------------
     0 | D:1      | dohliylev the Vampire Enchanter began the quest for the Orb.
     0 | D:1      | Reached XP level 1. HP: 13/13 MP: 3/3
   172 | D:1      | Reached skill level 5 in Hexes
   195 | D:1      | Reached XP level 2. HP: 8/19 MP: 3/5
   199 | D:1      | Learned a level 2 spell: Ensorcelled Hibernation
  1022 | D:2      | Reached XP level 3. HP: 24/24 MP: 3/6
  1027 | D:2      | Learned a level 3 spell: Confuse
  1156 | D:2      | Reached skill level 5 in Stealth
  1788 | D:2      | Reached skill level 6 in Stealth
  1788 | D:2      | Reached XP level 4. HP: 28/30 MP: 7/7
  2074 | D:3      | Reached skill level 7 in Stealth
  2114 | D:3      | Noticed Ijyb
  2119 | D:3      | Killed from afar by Ijyb

Skill      XL: |  1  2  3  4 |
---------------+-------------+-----
Hexes          | 5 6 |  6.0
Stealth        | 6 7 |  7.1
Short Blades   | |  1.1
Dodging        | |  2.1
Spellcasting   | |  2.0

Action                   |  1- 3 |  4- 6 || total
-------------------------+-------+-------++-------
Melee: Dagger            |    74 |     9 ||    83
       Bite              |     7 |       ||     7
 Cast: Corona            |     7 |       ||     7
       Ensorcelled Hiber |    33 |    14 ||    47
 Stab: Sleeping          |    30 |     9 ||    39
  Eat: Corpse            |     4 |       ||     4
Armor: Robe              |     9 |       ||     9
Dodge: Dodged            |    37 |     2 ||    39
